AoeStats
← Juppeli90

Arena

510566292Analyzed
1v1 RM · 2d ago on Oct 1, 2026· 39m 53s· 2 players
Game mode
Random Map
Map size
Tiny (2 player)
Population
200
Speed
Normal
Resources
Standard
Victory
Conquest
Starting age
Dark Age
Ending age
Imperial Age
RankedLock teamsTeams togetherTeam positionsShared explorationLock speedFull tech treeHidden civsTurbo modeCheats
Victory
Defeat
🇦🇷 Cumans · Argentina
712
+15
🇫🇮 Teutons · Finland
683
-15
Juppeli90
11:09 Feudal Age
14:05 Double-Bit Axe
18:00 Castle Age
20:01 Loom
20:09 Loom
36:39 Stone Mining
LandwardLake875
8:12 Loom
11:36 Feudal Age
12:50 Town Watch
29:07 Castle Age
32:29 Capped Ram
35:14 Town Patrol
Connection lost

Rejoining the realm…

Still unreachable

The connection could not be restored.

Session expired

The server has moved on; the page needs a fresh start.